 Dungeon Crawl Stone Soup version 0.24.0-1-gfbc8707122 (webtiles) character file.

Game seed: 10382774164051700076, levelgen mode: deterministic

103 MTVSty1e the Skirmisher (level 4, 0/29 HPs)
             Began as a Gargoyle Fighter on Oct 28, 2019.
             Killed from afar by an orc wizard (2 damage)
             ... with a magic dart
             ... on level 2 of the Dungeon.
             The game lasted 00:02:22 (1903 turns).

MTVSty1e the Skirmisher (Gargoyle Fighter)          Turns: 1903, Time: 00:02:23

Health: 0/29       AC: 10    Str: 25    XL:     4   Next: 79%
Magic:  4/4        EV:  7    Int:  9    God:
Gold:   163        SH:  9    Dex:  9    Spells: 3/3 levels left

rFire    . . .     SeeInvis .   a - +0 flail
rCold    . . .     Gourm    .   c - +0 shield
rNeg     + . .     Faith    .   b - +0 scale mail
rPois    ∞         Spirit   .   (no helmet)
rElec    +         Reflect  .   (no cloak)
rCorr    .         Harm     .   (no gloves)
MR       .....                  (no boots)
Stlth    ..........             (no amulet)
HPRegen  0.09/turn              (no ring)
MPRegen  0.09/turn              (no ring)

@: mighty
A: negative energy resistance 1, electricity resistance, unbreathing,
petrification resistance, rot immunity, AC +3
a: no special abilities


You were on level 2 of the Dungeon.
You were near starving.

You visited 1 branch of the dungeon, and saw 3 of its levels.

You collected 163 gold pieces.

Inventory:

Hand Weapons
 a - a +0 flail (weapon)
Armour
 b - a +0 scale mail (worn)
 c - a +0 shield (worn)
Scrolls
 e - 2 scrolls of remove curse {unknown}
 h - 3 scrolls of identify {unknown}
 k - a scroll of amnesia {unknown}
 l - a scroll of teleportation {unknown}
 m - a scroll of immolation {unknown}
 n - 3 scrolls of fear {unknown}
 p - a scroll of enchant weapon {unknown}
Potions
 g - 4 potions of curing {unknown}
 i - a potion of haste {unknown}
 j - 2 potions of lignification {unknown}
 o - a potion of degeneration {unknown}
Comestibles
 f - 3 rations


   Skills:
 + Level 4.2 Fighting
 * Level 4.0 Maces & Flails
 - Level 3.3 Armour
 - Level 3.3 Shields


You had 3 spell levels left.
You didn't know any spells.
Your spell library was empty.

Dungeon Overview and Level Annotations

Branches:
Dungeon (3/15)

Altars:


Innate Abilities, Weirdness & Mutations

You are resistant to torment.
Your stone body is resilient. (AC +3)
You are immune to poison.
You resist negative energy. (rN+)
You are resistant to electric shocks. (rElec)
You can survive without breathing.
You are immune to petrification.
You are immune to rotting.


Message History

You are too injured to fight recklessly!
You are too injured to fight recklessly!
You feel very mighty all of a sudden.
The orc wizard points at you and mumbles some strange words.
You block the puff of frost.
The orc wizard hits you but does no damage.
You closely miss the orc wizard.
The orc wizard hits you but does no damage. x2
You barely miss the orc wizard.
The orc wizard hits you but does no damage.
The orc wizard gestures at you while chanting.
The puff of flame hits you.
* * * LOW HITPOINT WARNING * * *
Your shield and scale mail prevent you from hitting the orc wizard.
The orc wizard miscasts a cantrip.
The orc wizard hits you but does no damage.
Your shield and scale mail prevent you from hitting the orc wizard.
The orc wizard points at you and mumbles some strange words.
The magic dart hits you.
You die...

....##.# ##...# ....##.#
##..# ######.######.##
..........# #..#
..........# ##.#
..........# #<##
..........# #..#
.########## ##.### .#
#####.@o###### ##
##.....#......##
##.(............##
#................#
#########................#
#.....[..................#
#.#...###.)..............#
..###.# #.÷..............#
...÷#.###................#


You could see an orc wizard.

Vanquished Creatures
  3 adders (D:2)
  An ooze (D:2)
  A worm (D:2)
  9 leopard geckos
  2 giant cockroaches (D:1)
  3 goblins (D:1)
  9 hobgoblins
  4 jackals (D:2)
  7 kobolds
  A quokka (D:2)
  2 ball pythons
  6 bats
  7 frilled lizards
  7 rats
62 creatures vanquished.

Notes
Turn   | Place    | Note
-------+----------+-------------------------------------------
     0 | D:1      | MTVSty1e the Gargoyle Fighter began the quest for the Orb.
     0 | D:1      | Reached XP level 1. HP: 14/14 MP: 1/1
    70 | D:1      | Reached XP level 2. HP: 17/19 MP: 2/2
   438 | D:1      | Reached XP level 3. HP: 24/24 MP: 3/3
  1154 | D:2      | Reached XP level 4. HP: 28/29 MP: 4/4
  1903 | D:2      | Killed from afar by an orc wizard

Levels and vault maps discovered:
D:1:      dpeg_arrival_rooms_with_view, layout_basic
D:2:      layout_rooms, minmay_pentomino_z2
D:3:      layout_rooms, chequers_serial_rivers_micro_e, uniq_crazy_yiuf_cottage,
          uniq_sigmund

Skill      XL: |  1  2  3  4 |
---------------+-------------+-----
Maces & Flails | 3 4 |  4.0
Fighting       | 4 |  4.2
Armour         | |  3.3
Shields        | |  3.3

Action                   |  1- 3 |  4- 6 || total
-------------------------+-------+-------++-------
Melee: Flail             |   161 |    83 ||   244
  Use: Potion            |       |     1 ||     1
  Eat: Chunk             |     1 |     1 ||     2
Armor: Scale mail        |   143 |   111 ||   254
Dodge: Dodged            |    81 |    61 ||   142
Block: Shield            |   115 |    91 ||   206
